Afrika Korps Tight Squeeze

Match 8449089
End
Selects Airborne Battlegroup
Selects Heavy Machine Gun Paradrop
Heavy Machine Gun Paradrop
Construct Barracks
Riflemen Squad
Heavy Machine Gun Paradrop
Riflemen Squad
Grenade Package
Selects Paratrooper Squad Paradrop
Paratrooper Squad Paradrop
Paratrooper Squad Paradrop
Construct Medical Station
Paratrooper Squad Paradrop
Mechanized Support Center
Construct Motor Pool
Selects Anti-tank Gun Team Paradrop
Selects Smoke Bombing Run
Selects Paradrop Reinforcements
M24 Chaffee Light Tank
M24 Chaffee Light Tank
Engineer Squad
Selects Dual P-47 Rocket Strike
Heavy Machine Gun Paradrop
Anti-tank Gun Team Paradrop
M24 Chaffee Light Tank
Paratrooper Squad Paradrop
Construct Tank Depot
M4A1 76mm Conversion
M4A1(76) Sherman Medium Tank
Paratrooper Squad Paradrop
Heavy Machine Gun Paradrop
ßoo
Comandante[BLR]
0
0

Comments sign in to comment!

No comments posted yet!